 Dungeon Crawl Stone Soup version 0.23-a0-175-g97aacdb (webtiles) character file.

5014 grindst0ne the Slicer (level 10, -4/102 HPs)
             Began as a Kobold Berserker on Sept 17, 2018.
             Was a High Priest of Trog.
             Slain by an orc knight
             ... wielding a +0 glaive
              (21 damage)
             ... in a bailey.
             The game lasted 00:19:06 (9971 turns).

grindst0ne the Slicer (Kobold Berserker)            Turns: 9971, Time: 00:19:07

Health: -4/102     AC: 10    Str: 29    XL:     10   Next: 84%
Magic:  10/10      EV: 20    Int: 11    God:    Trog [*****.]
Gold:   400        SH:  0    Dex: 15    Spells: 9/9 levels left

rFire    . . .     SeeInvis .   a - +0 short sword
rCold    + . .     Gourm    .   (shield restricted)
rNeg     . . .     Faith    .   o - +2 scale mail {rC+}
rPois    .         Spirit   .   h - +0 helmet
rElec    .         Reflect  .   (no cloak)
rCorr    .         Harm     .   (no gloves)
MR       ++...                  v - +0 pair of boots
Stlth    ..........             (no amulet)
HPRegen  1.27/turn              e - +3 ring of intelligence
MPRegen  0.12/turn              l - +6 ring of strength

@: mighty, berserking, regenerating, very quick
A: small, carnivore
a: Berserk, Trog's Hand, Brothers in Arms, Renounce Religion


You were in a bailey.
You worshipped Trog.
Trog was extremely pleased with you.
You were very full.

You visited 1 branch of the dungeon, and saw 9 of its levels.
You also visited: Sewer and Bailey.

You collected 400 gold pieces.

Inventory:

Hand Weapons
 a - a +0 short sword (weapon)
Armour
 b - a +0 animal skin
 f - a +0 scale mail
 g - a +0 ring mail
 h - a +0 helmet (worn)
 o - a +2 scale mail of cold resistance (worn)
 v - a +0 pair of boots (worn)
Jewellery
 e - a +3 ring of intelligence (left hand)
 l - a +6 ring of strength (right hand)
Wands
 n - a wand of paralysis (6)
 A - a wand of acid (3)
 E - a wand of flame (24)
Scrolls
 d - 2 scrolls of fog
 i - 2 scrolls of fear
 k - 2 scrolls of blinking {unknown}
 m - 5 scrolls of remove curse
 p - 4 scrolls of amnesia
 q - 3 scrolls of enchant weapon {unknown}
 r - 5 scrolls of teleportation
 u - 2 scrolls of magic mapping
 x - a scroll of noise
 y - a scroll of immolation
 F - a scroll of vulnerability
 H - a scroll of random uselessness {unknown}
Potions
 t - a potion of cancellation
 w - a potion of berserk rage
 z - a potion of degeneration
 B - 3 potions of agility
 C - 2 potions of curing
 D - a potion of brilliance
Comestibles
 c - 14 rations
 j - 3 chunks of flesh


   Skills:
 + Level 10.2 Fighting
 + Level 11.9 Short Blades
 - Level 1.5 Armour
 + Level 10.7 Dodging


You had 9 spell levels left.
You didn't know any spells.
Your spell library contained the following spells:

 Spells                   Type           Power        Failure   Level  Hunger
 Corona                   Hex            #......      58%         1    ##.....
 Ensorcelled Hibernation  Hex/Ice        #.....       75%         2    ###....
 Confuse                  Hex            #.......     92%         3    ####...
 Dazzling Spray           Conj/Hex       #.....       92%         3    ####...
 Tukima's Dance           Hex            #.......     92%         3    ####...


Dungeon Overview and Level Annotations

Branches:
Dungeon (9/15)             Temple (0/1) D:7
   Lair: D:8-11         Orc: D:9-12

Altars:
Ashenzari
Dithmenos
Gozag
Kikubaaqudgha
Makhleb
Okawaru
Qazlal
Ru
Sif Muna
Vehumet
The Shining One

Shops:
D:9 :

Annotations:
D:6 1 runed door, digijack's ghost, novice DrTm


Innate Abilities, Weirdness & Mutations

You are small and have problems with some larger weapons.
You are carnivorous and can eat meat at any time.


Message History

Aim: an orc knight, wielding a glaive and wearing a scale mail (heavily The bolt of acid misses the orc knight.
The orc knight no longer looks unusually strong.
The orc warrior shoots a bolt.
The bolt misses you.
The orc knight hits you from afar with a glaive!!
Things that are here:
a spear; a chain mail You feel very mighty all of a sudden.
The orc knight roars a battlecry!
Your skin crawls.
You feel resistant to hostile enchantments.
You feel somewhat less full.
The orc knight no longer looks unusually strong.
The orc knight hits you from afar with a glaive!!
* * * LOW HITPOINT WARNING * * *
A red film seems to cover your vision as you go berserk!
You feel yourself moving faster!
You feel mighty!
You feel a lot less full.
You feel a strong urge to attack something.
The orc knight hits you with a glaive!!
You die...

### ###### ##∩##
#####
#.....##...##.....
..≈≈≈..#...#..≈≈≈.
.≈≈)≈≈.......≈≈o≈≈
o≈)∩.≈.(.....≈oo.≈
.≈≈.≈≈..o....≈≈o≈≈
..≈≈≈..#o@)#..≈≈≈
#..o..##.∩.# ....
###### ##∩## ###
###


You could see 3 orc knights, an orc warrior and 2 orcs.

Vanquished Creatures
  An orc knight (Bailey)
  Joseph (D:8)
  Psyche (D:8)
  A spriggan (D:8)
  2 wyverns (D:8)
  Eustachio (D:6)
  A hungry ghost (D:7)
  2 orc warriors
  2 ice beasts
  2 phantoms
  A sky beast (D:9)
  An ogre (D:6)
  3 centaurs
  2 big kobolds
  5 bullfrogs
  A gnoll sergeant (D:6)
  3 scorpions
  2 howler monkeys
  2 centaur zombies
  4 crimson imps
  5 jellies
  3 bullfrog zombies
  7 orc priests
  3 hounds
  2 iguanas
  5 orc wizards
  4 worker ants
  A hound skeleton (D:8)
  A worker ant zombie (D:5)
  9 gnolls
  A howler monkey skeleton (D:5)
  13 adders
  5 river rats (D:3)
  3 shadow imps
  13 oozes
  3 adder zombies
  9 worms
  2 dart slugs
  6 leopard geckos
  19 orcs
  6 ball pythons
  4 bats
  8 giant cockroaches
  14 goblins
  6 hobgoblins
  14 jackals
  32 kobolds
  4 quokkas
  6 frilled lizards
  A leopard gecko zombie (D:5)
  6 rats
  A rat zombie (D:6)
  A plant (Sewer)
255 creatures vanquished.

Vanquished Creatures (others)
  A rat (D:3)
  A fungus (D:3)
  2 plants (Sewer)
  5 toadstools (D:3)
9 creatures vanquished.

Grand Total: 264 creatures vanquished

Notes
Turn   | Place    | Note
-------+----------+-------------------------------------------
     0 | D:1      | grindst0ne the Kobold Berserker began the quest for the
                  | Orb.
     0 | D:1      | Reached XP level 1. HP: 14/14 MP: 1/1
    36 | D:1      | Reached XP level 2. HP: 18/19 MP: 2/2
   390 | D:1      | Reached XP level 3. HP: 24/24 MP: 3/3
   983 | D:2      | Reached ** piety under Trog
  1495 | D:2      | Reached XP level 4. HP: 29/29 MP: 4/4
  1643 | D:2      | Reached skill level 5 in Short Blades
  2013 | D:3      | Reached XP level 5. HP: 33/33 MP: 5/5
  2166 | D:3      | Found a radiant altar of Vehumet.
  2409 | D:3      | Reached XP level 6. HP: 30/39 MP: 6/6
  2436 | D:3      | Found a burning altar of Makhleb.
  2507 | D:3      | Reached skill level 6 in Short Blades
  2518 | D:3      | Found a glowing drain.
  2525 | Sewer    | Entered a sewer
  2716 | Sewer    | Reached *** piety under Trog
  2735 | Sewer    | Reached skill level 5 in Fighting
  3840 | D:3      | Reached skill level 5 in Dodging
  3846 | D:3      | Reached XP level 7. HP: 44/44 MP: 7/7
  4186 | D:4      | Found a stormy altar of Qazlal.
  4645 | D:4      | Found an opulent altar of Gozag.
  4868 | D:5      | Entered Level 5 of the Dungeon
  4916 | D:5      | Reached skill level 7 in Short Blades
  5455 | D:5      | Reached **** piety under Trog
  5551 | D:5      | Reached XP level 8. HP: 49/51 MP: 8/8
  6032 | D:6      | Reached skill level 8 in Short Blades
  6050 | D:6      | HP: 1/52 [gnoll sergeant/trident (11)]
  6389 | D:6      | Reached skill level 9 in Short Blades
  6389 | D:6      | Reached XP level 9. HP: 26/57 MP: 9/9
  6469 | D:6      | Found a sacrificial altar of Ru.
  6505 | D:6      | Found an ancient bone altar of Kikubaaqudgha.
  6710 | D:6      | Noticed Eustachio
  6899 | D:6      | Found a deep blue altar of Sif Muna.
  6905 | D:6      | Found a runed door.
  6907 | D:6      | Noticed a cyclops
  6912 | D:6      | Noticed digijack's ghost (novice DrTm)
  7021 | D:6      | Killed Eustachio
  7440 | D:7      | Reached skill level 10 in Short Blades
  7450 | D:7      | Found a shadowy altar of Dithmenos.
  7821 | D:7      | Found a staircase to the Ecumenical Temple.
  8132 | D:8      | Found an iron altar of Okawaru.
  8390 | D:8      | Reached XP level 10. HP: 57/66 MP: 10/10
  8688 | D:8      | Reached ***** piety under Trog
  8854 | D:8      | Noticed Joseph
  8872 | D:8      | Killed Joseph
  8872 | D:8      | Reached skill level 11 in Short Blades
  8970 | D:8      | Noticed Psyche
  8982 | D:8      | Killed Psyche
  8982 | D:8      | Reached skill level 10 in Dodging
  9098 | D:8      | Found a glowing golden altar of the Shining One.
  9105 | D:8      | Found a shattered altar of Ashenzari.
  9856 | D:9      | Found Quaciu's Book Emporium.
  9889 | D:9      | Reached skill level 10 in Fighting
  9895 | D:9      | Found a flagged portal.
  9917 | Bailey   | Entered a bailey
  9917 | Bailey   | Noticed an orc knight
  9918 | Bailey   | Noticed an orc knight
  9918 | Bailey   | Noticed an orc knight
  9959 | Bailey   | Noticed an orc knight
  9961 | Bailey   | Killed an orc knight
  9971 | Bailey   | Slain by an orc knight

Vault maps used:
D:1:      lightli_arrival_statue_moat, st_stairs_6
D:2:      minmay_misc_feat_ornament
D:3:      cheibrodos_fertilizer, fiery_altar_vehumet, lemuel_crystal_altar,
          lightli_sewer_entry_pipes
D:4:      lemuel_crystal_altar, grunt_gozag_statues, first_ration,
          kennysheep_diamond
D:5:      minmay_opposing_rooms
D:6:      lemuel_zombie_altar_kikubaaqudgha, overflow_temple_1_default,
          basic_altar, ebering_ghost_inner_flame, uniq_eustachio
D:7:      nicolae_dithmenos_the_darkroom, minmay_temple_entry_glassed_door
D:8:      nicolae_overflow_crystal_walls, amethyst_overflow_temple_binary,
          serial_glass, glass_columns_c, glass_columns_b, the_bakery,
          hangedman_decor_push, uniq_joseph, uniq_psyche
D:9:      erik_lair_dragon, erik_orc_3, enter_bailey_3, serial_shops, shop,
          kennysheep_pointless_box, nrook_mini_vaults, kennysheep_path_1,
          uniq_prince_ribbit1
Sewer:    sewer_co_scattered_pipes
Bailey:   bailey_polearm_4, bailey

Skill      XL: |  1  2  3  4  5  6  7  8  9 10 |
---------------+-------------------------------+-----
Dodging        | 3 4 5 6 7 9 10 | 10.7
Fighting       | 4 5 6 7 9 10 | 10.2
Short Blades   | 5 6 7 9 10 11 | 11.9
Armour         | |  1.5

Action                   |  1- 3 |  4- 6 |  7- 9 | 10-12 || total
-------------------------+-------+-------+-------+-------++-------
Melee: Short sword       |   133 |   415 |   636 |   189 ||  1373
Invok: Berserk           |     1 |    14 |    16 |     8 ||    39
       Trog's Hand       |       |     1 |     3 |     1 ||     5
Evoke: Wand              |       |       |     4 |    13 ||    17
  Use: Potion            |       |     3 |     6 |     1 ||    10
       Scroll            |       |       |    12 |       ||    12
  Eat: Chunk             |    10 |    20 |    34 |    12 ||    76
Armor: Animal skin       |     5 |       |       |       ||     5
       Ring mail         |    14 |       |       |       ||    14
       Scale mail        |     9 |   102 |   134 |    41 ||   286
       Skin              |       |    17 |     3 |       ||    20
Dodge: Dodged            |   106 |   225 |   418 |   103 ||   852

Table legend:
 A = Non-vault XP
 B = Vault XP
 C = Vault XP percentage of total XP
 D = Non-vault monster count
 E = Vault monster count
 F = Vault count percentage of total count
                 A         B        C        D         E       F
            +---------+---------+-------+---------+---------+-------
      Total |    4710 |    2453 |  34.2 |     182 |      72 |  28.3
            +---------+---------+-------+---------+---------+-------
        D:1 |      51 |       3 |   5.6 |      24 |       1 |   4.0
        D:2 |      81 |       0 |   0.0 |      15 |       0 |   0.0
        D:3 |     121 |     277 |  69.6 |      30 |      30 |  50.0
        D:4 |      82 |      34 |  29.3 |       9 |       1 |  10.0
        D:5 |     527 |      82 |  13.5 |      16 |       6 |  27.3
        D:6 |    1576 |     203 |  11.4 |      36 |       2 |   5.3
        D:7 |     539 |       0 |   0.0 |       8 |       0 |   0.0
        D:8 |    1466 |    1069 |  42.2 |      36 |       3 |   7.7
        D:9 |     267 |       7 |   2.6 |       8 |       4 |  33.3
      Sewer |       0 |      52 | 100.0 |       0 |      19 | 100.0
     Bailey |       0 |     726 | 100.0 |       0 |       6 | 100.0
            +---------+---------+-------+---------+---------+-------
